Sharks vs Marlies

Created - Saturday, January 31, 2015 at 22:51

Goals
1 2 3 OT1 SO T
Sharks 0 1 0 0 1 2
Marlies 0 1 0 0 0 1
Shots
1 2 3 OT1 SO T
Sharks 9 9 8 4 4 30
Marlies 9 3 14 4 4 30

1st period

No Goal

Penalties :
George Parros (TOR) for Roughing (Minor) at 13:05

2nd period

1. Sharks , Mark McNeill 7 (Nicolas Deslauriers, Tye McGinn) at 9:16 (PP)
2. Marlies , Rich Clune 7 (Joel Armia, Jordan Henry) at 19:48

Penalties :
George Parros (TOR) for Slashing (Minor) at 9:03

3rd period

No Goal

Penalties :
Brendan Mikkelson (WOR) for Slashing (Minor) at 1:03, Rich Clune (TOR) for Fighting (Major) at 4:11, Nicolas Deslauriers (WOR) for Fighting (Major) at 4:11, Alexandre Bolduc (WOR) for Hooking (Minor) at 12:34, Farm Player44 (TOR) for Roughing (Minor) at 17:30, Rich Clune (TOR) for Cross-checking (Minor) at 18:48

Overtime #1

No Goal

Penalties :
No Penalty

Shootout

Penalty Shot by Louis Leblanc for Sharks - Stopped by Tyler Beskorowany
Penalty Shot by Matt Dumba for Marlies - Stopped by Dov Grumet-Morris
Penalty Shot by Nicolas Deslauriers for Sharks - Shot Misses the Net
Penalty Shot by Shane Prince for Marlies - Shot Misses the Net
Penalty Shot by Tye McGinn for Sharks - Stopped by Tyler Beskorowany
Penalty Shot by Rich Clune for Marlies - Stopped by Dov Grumet-Morris
Penalty Shot by Alexandre Bolduc for Sharks - Goal!
Penalty Shot by Jonathon Blum for Marlies - Stopped by Dov Grumet-Morris

Penalties :
No Penalty

Goalie Stats

Dov Grumet-Morris (WOR), 29 saves from 30 shots - (0.967), W, 5-6-1, 65:00 minutes
Scott Clemmensen (TOR), 20 saves from 21 shots - (0.952), 51:53 minutes
Tyler Beskorowany (TOR), 9 saves from 9 shots - (1.000), OTL, 11-5-5, 13:07 minutes

Players Stats for Sharks

Player Name              G  A  P  +/- PIM S  H  SB GA TA FO     MP     PP MP  PK MP  
------------------------------------------------------------------------------------
Alex Petrovic            0  0  0   0  0   0  2  1  0  0  0/0    16:12   1:09   0:00 
Alexandre Bolduc         0  0  0   0  2   4  1  0  4  0  15/18  22:10   3:16   0:29 
Andy Andreoff            0  0  0   0  0   0  0  0  0  0  0/0     0:00   0:00   0:00 
Brendan Mikkelson        0  0  0   0  2   1  4  1  0  0  0/0    27:58   2:28   1:10 
David van der Gulik      0  0  0   0  0   6  0  0  3  2  1/1    14:40   0:00   1:30 
Dominik Uher             0  0  0   0  0   2  0  0  0  1  3/5    15:02   0:00   0:00 
J.C. Lipon               0  0  0  -1  0   0  2  1  1  0  0/0    17:13   1:24   0:00 
Louis Leblanc            0  0  0   0  0   2  2  0  1  0  1/3    22:38   3:16   2:52 
Marek Hrivik             0  0  0   0  0   0  0  0  0  0  0/0     0:00   0:00   0:00 
Mark Barberio            0  0  0   0  0   0  1  1  0  2  0/0    23:01   0:00   3:09 
Mark McNeill             1  0  1  -1  0   3  0  3  1  0  5/11   18:58   1:24   0:18 
Michael Latta            0  0  0   0  0   1  3  0  2  3  2/7    15:09   0:00   0:00 
Mike Halmo               0  0  0   0  0   3  1  0  2  0  1/2     8:32   0:00   0:00 
Nicolas Deslauriers      0  1  1  -1  5   2  2  2  5  0  0/0    27:27   2:52   1:35 
Patrick McNeill          0  0  0  -1  0   2  0  1  0  4  0/0    29:57   2:12   2:02 
Richard Panik            0  0  0   0  0   2  2  0  1  0  0/0    19:15   3:16   0:00 
Tye McGinn               0  1  1  -1  0   2  0  1  5  0  0/2    22:27   1:24   2:47 
Wade Brookbank           0  0  0   0  0   0  4  0  0  0  0/0    15:00   0:39   0:00 

Players Stats for Marlies

Player Name              G  A  P  +/- PIM S  H  SB GA TA FO     MP     PP MP  PK MP  
------------------------------------------------------------------------------------
Andrew Yogan             0  0  0   0  0   2  3  0  2  1  5/12   21:30   1:47   0:21 
Austen Brassard          0  0  0   0  0   1  1  1  2  0  0/0    19:27   1:10   0:00 
Brendon Nash             0  0  0   1  0   1  1  0  0  0  0/0    12:55   0:00   0:00 
Colton Gillies           0  0  0   0  0   1  0  0  1  0  0/2     5:38   0:00   1:10 
Farm Player29            0  0  0   0  0   0  1  0  0  1  1/4    18:19   0:24   1:39 
Farm Player44            0  0  0   0  2   0  2  0  0  0  0/0    11:26   0:24   0:17 
George Parros            0  0  0   0  4   3  4  0  3  0  0/0    14:17   1:13   0:00 
Harrison Ruopp           0  0  0   1  0   1  0  1  0  2  0/0    12:55   0:00   0:00 
Jason Clark              0  0  0   0  0   1  1  1  0  0  4/5    14:47   0:00   2:18 
Joel Armia               0  1  1   1  0   1  0  2  2  0  0/1    19:39   1:29   0:00 
Jonathon Blum            0  0  0   0  0   5  1  4  3  1  0/0    25:06   2:34   3:59 
Jordan Henry             0  1  1   0  0   0  0  0  0  0  0/0     6:11   0:00   0:00 
Matt Dumba               0  0  0   0  0   6  0  3  0  2  0/0    20:44   1:24   1:29 
Morgan Ellis             0  0  0   0  0   0  1  2  0  1  0/0    20:44   1:24   1:29 
Nicolas Deschamps        0  0  0   1  0   1  0  0  0  0  3/8    19:39   1:29   0:00 
Rich Clune               1  0  1   1  7   2  7  1  6  1  2/2    17:58   1:29   0:52 
Scott Harrington         0  0  0   0  0   2  2  1  0  4  0/0    25:06   2:34   3:59 
Shane Prince             0  0  0   0  0   3  2  1  0  1  6/15   27:05   2:29   2:49 

3 Stars

1 - Dov Grumet-Morris (WOR)
2 - Scott Clemmensen (TOR)
3 - Mark McNeill (WOR)

Power Play

Sharks - 1 on 4 Attempt(s) - 25.00%
Marlies - 0 on 2 Attempt(s) - 0.00%

Penalty Kill

Sharks - 2 on 2 Attempt(s) - 100.00% - Score 0 goal in Penalty Kill
Marlies - 3 on 4 Attempt(s) - 75.00% - Score 0 goal in Penalty Kill

Team Stat

Sharks - Hits : 24 - Faceoff Wins : 28 - Blocked Shots : 11 - Penalty Minutes : 9
Marlies - Hits : 26 - Faceoff Wins : 21 - Blocked Shots : 17 - Penalty Minutes : 13

Official

Referees : Unknown
Linesman : Unknown

Game Notes

Colton Gillies is injured at 14:16 of 1st period (Back)
4:05 of 2nd period - Sharks goal is going for a video replay. After video review, No Goal. The net was displaced accidentally.
Alex Petrovic is injured at 18:37 of 2nd period (Back Spasms)
Rich Clune beats up Nicolas Deslauriers at 4:11 of 3rd period
George Parros is injured at 6:49 of 3rd period (Right Knee)
Scott Clemmensen is injured at 11:53 of 3rd period (Fractured Bone in Right Hand)
Tyler Beskorowany enters game at 11:53 of 3rd period

Finance

Level 1 -- Attendance: 1406 (70.30%) -- Ticket Income $49,210
Level 2 -- Attendance: 817 (81.70%) -- Ticket Income $8,170
Total Attendance: 2223 (74.10%)
Total Ticket Income: $57,380
Other Income: $28,116
Total Income: $85,496

Sharks

5 vs 5 Forward 
   Center                   Left Wing                Right Wing               Time % Phy DF OF 
 1 Alexandre Bolduc         Richard Panik            Louis Leblanc            35     1   2  2  
 2 Mark McNeill             Tye McGinn               J.C. Lipon               30     1   2  2  
 3 Michael Latta            David van der Gulik      Nicolas Deslauriers      22     1   2  2  
 4 Dominik Uher             Mike Halmo               Nicolas Deslauriers      13     1   2  2  

5 vs 5 Defense 
   Defense                  Defense                                           Time % Phy DF OF 
 1 Brendan Mikkelson        Mark Barberio                                     35     1   2  2  
 2 Nicolas Deslauriers      Patrick McNeill                                   30     1   2  2  
 3 Alex Petrovic            Patrick McNeill                                   22     1   2  2  
 4 Alex Petrovic            Wade Brookbank                                    13     1   2  2  

PowerPlay Forward 
   Center                   Left Wing                Right Wing               Time % Phy DF OF 
 1 Alexandre Bolduc         Richard Panik            Louis Leblanc            60     1   2  2  
 2 Mark McNeill             Tye McGinn               J.C. Lipon               40     1   2  2  

PowerPlay Defense
   Defense                  Defense                                           Time % Phy DF OF 
 1 Alex Petrovic            Brendan Mikkelson                                 60     1   2  2  
 2 Nicolas Deslauriers      Patrick McNeill                                   40     1   2  2  

Penalty Kill 4 Players Forward 
   Center                   Wing                     Time % Phy DF OF 
 1 Louis Leblanc            Tye McGinn               60     1   2  2  
 2 Alexandre Bolduc         Mark McNeill             40     1   2  2  

Penalty Kill 4 Players Defense
   Defense                  Defense                  Time % Phy DF OF 
 1 Brendan Mikkelson        Mark Barberio            60     1   2  2  
 2 Nicolas Deslauriers      Patrick McNeill          40     1   2  2  

Penalty Kill - 3 Players Forward 
   Forward                                           Time % Phy DF OF 
 1 Alexandre Bolduc                                  60     1   2  2  
 2 Tye McGinn                                        40     1   2  2  

Penalty Kill - 3 Players Defense
   Defense                  Defense                  Time % Phy DF OF 
 1 Alex Petrovic            Brendan Mikkelson        60     1   2  2  
 2 Nicolas Deslauriers      Patrick McNeill          40     1   2  2  

4 vs 4 Forward 
   Center                   Wing                     Time % Phy DF OF 
 1 Michael Latta            Tye McGinn               60     1   2  2  
 2 Alexandre Bolduc         Mark McNeill             40     1   2  2  

4 vs 4 Defense
   Defense                  Defense                  Time % Phy DF OF 
 1 Mark Barberio            Alex Petrovic            60     1   2  2  
 2 Nicolas Deslauriers      Patrick McNeill          40     1   2  2  

Last Minutes Offensive
   Center                   Left Wing                Right Wing               Defense                  Defense                  
   Alexandre Bolduc         Richard Panik            Louis Leblanc            Brendan Mikkelson        Mark Barberio            

Last Minutes Defensive
   Center                   Left Wing                Right Wing               Defense                  Defense                  
   Alexandre Bolduc         Richard Panik            Louis Leblanc            Brendan Mikkelson        Mark Barberio            

Goaltenders
Starting : Dov Grumet-Morris        
Backup : Farm Player76            

Extra Forwards
Normal : Michael Latta, Dominik Uher, David van der Gulik - PP : Michael Latta, Dominik Uher - PK : David van der Gulik
Extra Defensemen
Normal : Alex Petrovic, Nicolas Deslauriers, Patrick McNeill - PP : Alex Petrovic - PK : Nicolas Deslauriers, Patrick McNeill
Penalty Shots
Louis Leblanc, Nicolas Deslauriers, Tye McGinn, Alexandre Bolduc, Mark McNeill

Marlies

5 vs 5 Forward 
   Center                   Left Wing                Right Wing               Time % Phy DF OF 
 1 Shane Prince             Colton Gillies           George Parros            35     1   2  2  
 2 Nicolas Deschamps        Rich Clune               Joel Armia               30     1   2  2  
 3 Andrew Yogan             Farm Player29            Austen Brassard          22     1   2  2  
 4 Jason Clark              Colton Gillies           Shane Prince             13     1   2  2  

5 vs 5 Defense 
   Defense                  Defense                                           Time % Phy DF OF 
 1 Jonathon Blum            Scott Harrington                                  35     1   2  2  
 2 Matt Dumba               Morgan Ellis                                      30     1   2  2  
 3 Brendon Nash             Harrison Ruopp                                    22     1   2  2  
 4 Jordan Henry             Farm Player44                                     13     1   2  2  

PowerPlay Forward 
   Center                   Left Wing                Right Wing               Time % Phy DF OF 
 1 Shane Prince             Colton Gillies           George Parros            60     1   1  3  
 2 Nicolas Deschamps        Rich Clune               Joel Armia               40     1   1  3  

PowerPlay Defense
   Defense                  Defense                                           Time % Phy DF OF 
 1 Jonathon Blum            Scott Harrington                                  60     1   2  2  
 2 Matt Dumba               Morgan Ellis                                      40     1   2  2  

Penalty Kill 4 Players Forward 
   Center                   Wing                     Time % Phy DF OF 
 1 Colton Gillies           Shane Prince             60     1   4  0  
 2 George Parros            Rich Clune               40     1   4  0  

Penalty Kill 4 Players Defense
   Defense                  Defense                  Time % Phy DF OF 
 1 Jonathon Blum            Scott Harrington         60     1   4  0  
 2 Matt Dumba               Morgan Ellis             40     1   4  0  

Penalty Kill - 3 Players Forward 
   Forward                                           Time % Phy DF OF 
 1 Colton Gillies                                    60     1   4  0  
 2 Shane Prince                                      40     1   4  0  

Penalty Kill - 3 Players Defense
   Defense                  Defense                  Time % Phy DF OF 
 1 Jonathon Blum            Scott Harrington         60     1   4  0  
 2 Matt Dumba               Morgan Ellis             40     1   4  0  

4 vs 4 Forward 
   Center                   Wing                     Time % Phy DF OF 
 1 Colton Gillies           Shane Prince             60     1   2  2  
 2 George Parros            Rich Clune               40     1   2  2  

4 vs 4 Defense
   Defense                  Defense                  Time % Phy DF OF 
 1 Jonathon Blum            Scott Harrington         60     1   2  2  
 2 Matt Dumba               Morgan Ellis             40     1   2  2  

Last Minutes Offensive
   Center                   Left Wing                Right Wing               Defense                  Defense                  
   Shane Prince             Colton Gillies           George Parros            Jonathon Blum            Scott Harrington         

Last Minutes Defensive
   Center                   Left Wing                Right Wing               Defense                  Defense                  
   Shane Prince             Colton Gillies           George Parros            Jonathon Blum            Scott Harrington         

Goaltenders
Starting : Scott Clemmensen         
Backup : Tyler Beskorowany        

Extra Forwards
Normal : Andrew Yogan, Austen Brassard, Jason Clark - PP : Andrew Yogan, Austen Brassard - PK : Jason Clark
Extra Defensemen
Normal : Brendon Nash, Harrison Ruopp, Jordan Henry - PP : Brendon Nash - PK : Harrison Ruopp, Jordan Henry
Penalty Shots
Colton Gillies, Shane Prince, George Parros, Rich Clune, Joel Armia

% Time on Ice - Sharks

Lines # - Real PCT - Wanted PCT - Time Play
Normal Forward
1 - 32% - 35% - 16:31
2 - 32% - 30% - 16:20
3 - 19% - 22% - 9:57
4 - 17% - 13% - 8:33
Normal Defense
1 - 31% - 35% - 16:10
2 - 23% - 30% - 11:53
3 - 20% - 22% - 10:26
4 - 25% - 13% - 12:52
PP Forward
1 - 70% - 60% - 3:16
2 - 30% - 40% - 1:25
PP Defense
1 - 78% - 60% - 3:38
2 - 22% - 40% - 1:03
PK Forward
1 - 92% - 60% - 3:40
2 - 8% - 40% - 0:18
PK Defense
1 - 79% - 60% - 3:09
2 - 21% - 40% - 0:49
PK3 Forward
1 - 0% - 60%
2 - 0% - 40%
PK3 Defense
1 - 0% - 60%
2 - 0% - 40%
44 Forward
1 - 81% - 60% - 4:02
2 - 19% - 40% - 0:58
44 Defense
1 - 98% - 60% - 4:54
2 - 2% - 40% - 0:06
Last Minute Offensive  - 0:00
Last Minute Defensive  - 0:00
Total
Forward - 65:00
Defense - 65:00

% Time on Ice - Marlies

Lines # - Real PCT - Wanted PCT - Time Play
Normal Forward
1 - 35% - 35% - 17:50
2 - 35% - 30% - 18:11
3 - 16% - 22% - 8:13
4 - 14% - 13% - 7:07
Normal Defense
1 - 32% - 35% - 16:29
2 - 31% - 30% - 15:44
3 - 25% - 22% - 12:57
4 - 12% - 13% - 6:11
PP Forward
1 - 63% - 60% - 2:29
2 - 37% - 40% - 1:29
PP Defense
1 - 65% - 60% - 2:34
2 - 35% - 40% - 1:24
PK Forward
1 - 100% - 60% - 4:00
2 - 0% - 40% - 0:00
PK Defense
1 - 76% - 60% - 3:02
2 - 24% - 40% - 0:58
PK3 Forward
1 - 100% - 60% - 1:29
2 - 0% - 40% - 0:00
PK3 Defense
1 - 64% - 60% - 0:57
2 - 36% - 40% - 0:32
44 Forward
1 - 100% - 60% - 4:12
2 - 0% - 40% - 0:00
44 Defense
1 - 50% - 60% - 2:05
2 - 50% - 40% - 2:07
Last Minute Offensive  - 0:00
Last Minute Defensive  - 0:00
Total
Forward - 65:00
Defense - 65:00

Play by Play

1st period


0:01 of 1st period - Alexandre Bolduc wins face-off versus Shane Prince in neutral zone.
0:26 of 1st period - Snap shot by Richard Panik.
0:26 of 1st period - Shot Misses the Net.
0:50 of 1st period - Mark Barberio is hit by Rich Clune and loses puck.
1:09 of 1st period - Nicolas Deschamps is hit by J.C. Lipon and loses puck.
1:55 of 1st period - Slapshot by Matt Dumba.
1:55 of 1st period - Shot Blocked by J.C. Lipon.
1:59 of 1st period - Wrist shot by Austen Brassard.
1:59 of 1st period - Shot Blocked by Mark McNeill.
2:01 of 1st period - Slapshot by Morgan Ellis.
2:01 of 1st period - Shot Misses the Net.
2:25 of 1st period - Snap shot by Nicolas Deslauriers.
2:25 of 1st period - Shot Hit the Post.
2:33 of 1st period - Wrist shot by Michael Latta.
2:33 of 1st period - Shot Misses the Net.
2:35 of 1st period - Snap shot by David van der Gulik.
2:35 of 1st period - Stopped by Scott Clemmensen with a rebound.
2:54 of 1st period - Off-side.
2:55 of 1st period - Alexandre Bolduc wins face-off versus Nicolas Deschamps in neutral zone.
2:58 of 1st period - Wrist shot by Richard Panik.
2:58 of 1st period - Shot Misses the Net.
3:01 of 1st period - Icing by Brendon Nash.
3:02 of 1st period - Nicolas Deschamps wins face-off versus Mike Halmo in Marlies zone.
3:15 of 1st period - Snap shot by Mike Halmo.
3:15 of 1st period - Stopped by Scott Clemmensen with a rebound.
3:48 of 1st period - Scott Harrington is hit by Alexandre Bolduc.
4:15 of 1st period - Matt Dumba is hit by Michael Latta and loses puck.
4:20 of 1st period - Wrist shot by David van der Gulik.
4:20 of 1st period - Stopped by Scott Clemmensen without a rebound.
4:21 of 1st period - Michael Latta wins face-off versus Shane Prince in Marlies zone.
4:40 of 1st period - Mark Barberio is hit by George Parros and loses puck.
5:09 of 1st period - Off-side.
5:10 of 1st period - Alexandre Bolduc wins face-off versus Andrew Yogan in neutral zone.
5:21 of 1st period - Snap shot by Alexandre Bolduc.
5:21 of 1st period - Shot Blocked by Harrison Ruopp.
5:55 of 1st period - Slapshot by Rich Clune.
5:55 of 1st period - Shot Blocked by Mark McNeill.
6:01 of 1st period - Slapshot by Matt Dumba.
6:01 of 1st period - Shot Misses the Net.
6:23 of 1st period - Slapshot by Matt Dumba.
6:23 of 1st period - Stopped by Dov Grumet-Morris without a rebound.
6:24 of 1st period - Shane Prince wins face-off versus Louis Leblanc in Sharks zone.
6:50 of 1st period - Slapshot by Jonathon Blum.
6:50 of 1st period - Deflect By George Parros.
6:50 of 1st period - Shot Misses the Net.
6:50 of 1st period - Puck is out of play.
6:51 of 1st period - Rich Clune wins face-off versus Michael Latta in Sharks zone.
7:19 of 1st period - Rich Clune is hit by Michael Latta and loses puck.
7:51 of 1st period - Wrist shot by Andrew Yogan.
7:51 of 1st period - Deflect By Farm Player29.
7:51 of 1st period - Shot Misses the Net.
7:51 of 1st period - Puck is out of play.
7:52 of 1st period - Andrew Yogan wins face-off versus Mark McNeill in Sharks zone.
8:15 of 1st period - Snap shot by Andrew Yogan.
8:15 of 1st period - Shot Misses the Net.
8:30 of 1st period - Shane Prince is hit by Richard Panik and loses puck.
9:02 of 1st period - Slapshot by Mike Halmo.
9:02 of 1st period - Deflect By Nicolas Deslauriers.
9:02 of 1st period - Shot Hit the Post.
9:02 of 1st period - Puck is out of play.
9:03 of 1st period - Dominik Uher wins face-off versus Nicolas Deschamps in Marlies zone.
9:04 of 1st period - Snap shot by Mike Halmo.
9:04 of 1st period - Stopped by Scott Clemmensen with a rebound.
9:35 of 1st period - Scott Harrington is hit by Alex Petrovic.
9:42 of 1st period - Icing by Mark McNeill.
9:43 of 1st period - Andrew Yogan wins face-off versus Tye McGinn in Sharks zone.
9:56 of 1st period - Slapshot by Matt Dumba.
9:56 of 1st period - Stopped by Dov Grumet-Morris without a rebound.
9:57 of 1st period - Alexandre Bolduc wins face-off versus Andrew Yogan in Sharks zone.
10:16 of 1st period - Snap shot by Alexandre Bolduc.
10:16 of 1st period - Stopped by Scott Clemmensen with a rebound.
10:22 of 1st period - Slapshot by Jonathon Blum.
10:22 of 1st period - Stopped by Dov Grumet-Morris with a rebound.
10:32 of 1st period - Scott Harrington is hit by Louis Leblanc and loses puck.
10:45 of 1st period - Slapshot by George Parros.
10:45 of 1st period - Stopped by Dov Grumet-Morris with a rebound.
10:51 of 1st period - Slapshot by Colton Gillies.
10:51 of 1st period - Stopped by Dov Grumet-Morris with a rebound.
10:53 of 1st period - Slapshot by George Parros.
10:53 of 1st period - Shot Misses the Net.
12:01 of 1st period - Slapshot by Matt Dumba.
12:01 of 1st period - Stopped by Dov Grumet-Morris with a rebound.
12:03 of 1st period - Wrist shot by Jason Clark.
12:03 of 1st period - Stopped by Dov Grumet-Morris with a rebound.
12:27 of 1st period - Slapshot by Andrew Yogan.
12:27 of 1st period - Shot Blocked by Mark McNeill.
12:29 of 1st period - Snap shot by Austen Brassard.
12:29 of 1st period - Stopped by Dov Grumet-Morris with a rebound.
13:05 of 1st period - Minor Penalty to George Parros for Roughing.
13:06 of 1st period - Alexandre Bolduc wins face-off versus Colton Gillies in Marlies zone.
13:19 of 1st period - Slapshot by Alexandre Bolduc.
13:19 of 1st period - Shot Misses the Net.
13:21 of 1st period - Snap shot by Alexandre Bolduc.
13:21 of 1st period - Shot Misses the Net.
13:23 of 1st period - Snap shot by Louis Leblanc.
13:23 of 1st period - Stopped by Scott Clemmensen with a rebound.
13:25 of 1st period - Snap shot by Alexandre Bolduc.
13:25 of 1st period - Shot Misses the Net.
13:43 of 1st period - Backhand shot by Alexandre Bolduc.
13:43 of 1st period - Stopped by Scott Clemmensen without a rebound.
13:44 of 1st period - Alexandre Bolduc wins face-off versus Colton Gillies in Marlies zone.
13:57 of 1st period - Wrist shot by Alexandre Bolduc.
13:57 of 1st period - Shot Blocked by Morgan Ellis.
13:59 of 1st period - Snap shot by Alexandre Bolduc.
13:59 of 1st period - Shot Misses the Net.
14:15 of 1st period - Colton Gillies is hit by Nicolas Deslauriers and loses puck.
14:16 of 1st period - Colton Gillies from Marlies is injured at 14:16 of 1st period (Back).
14:17 of 1st period - Jason Clark wins face-off versus Alexandre Bolduc in Marlies zone.
15:05 of 1st period - Penalty to George Parros is over, George Parros is back on ice.
15:15 of 1st period - Nicolas Deslauriers is hit by George Parros and loses puck.
15:38 of 1st period - Slapshot by Nicolas Deslauriers.
15:38 of 1st period - Shot Blocked by Shane Prince.
15:56 of 1st period - Patrick McNeill is hit by Rich Clune and loses puck.
16:03 of 1st period - Wrist shot by Rich Clune.
16:03 of 1st period - Stopped by Dov Grumet-Morris without a rebound.
16:04 of 1st period - Rich Clune wins face-off versus Mark McNeill in Sharks zone.
16:35 of 1st period - Wrist shot by Tye McGinn.
16:35 of 1st period - Shot Blocked by Morgan Ellis.
16:37 of 1st period - Slapshot by Brendan Mikkelson.
16:37 of 1st period - Shot Blocked by Rich Clune.
17:00 of 1st period - Alex Petrovic is hit by Austen Brassard and loses puck.
17:47 of 1st period - Wrist shot by Louis Leblanc.
17:47 of 1st period - Shot Misses the Net.
18:47 of 1st period - Snap shot by Mark McNeill.
18:47 of 1st period - Shot Misses the Net.
18:49 of 1st period - Snap shot by J.C. Lipon.
18:49 of 1st period - Shot Misses the Net.
18:51 of 1st period - Snap shot by J.C. Lipon.
18:51 of 1st period - Deflect By Tye McGinn.
18:51 of 1st period - Shot Blocked by Jason Clark.
18:51 of 1st period - Puck is out of play.
18:52 of 1st period - Alexandre Bolduc wins face-off versus Shane Prince in Marlies zone.
18:59 of 1st period - Snap shot by Alexandre Bolduc.
18:59 of 1st period - Shot Misses the Net.
19:01 of 1st period - Backhand shot by Louis Leblanc.
19:01 of 1st period - Stopped by Scott Clemmensen with a rebound.
19:03 of 1st period - Snap shot by Louis Leblanc.
19:03 of 1st period - Shot Misses the Net.
19:05 of 1st period - Snap shot by Richard Panik.
19:05 of 1st period - Stopped by Scott Clemmensen without a rebound.
19:06 of 1st period - Alexandre Bolduc wins face-off versus Shane Prince in Marlies zone.
19:21 of 1st period - Snap shot by Alexandre Bolduc.
19:21 of 1st period - Shot Blocked by Matt Dumba.
19:54 of 1st period - Joel Armia is hit by J.C. Lipon and loses puck.
Goals for this period are 0 for Sharks vs 0 for Marlies.
Shots for this period are 9 for Sharks vs 9 for Marlies.

2nd period


0:01 of 2nd period - Alexandre Bolduc wins face-off versus Shane Prince in neutral zone.
0:14 of 2nd period - Wrist shot by Richard Panik.
0:14 of 2nd period - Shot Blocked by Jonathon Blum.
1:19 of 2nd period - J.C. Lipon is hit by Rich Clune and loses puck.
1:52 of 2nd period - Brendon Nash is hit by Michael Latta and loses puck.
2:01 of 2nd period - Wrist shot by Austen Brassard.
2:01 of 2nd period - Shot Blocked by Mark Barberio.
2:03 of 2nd period - Slapshot by Matt Dumba.
2:03 of 2nd period - Shot Misses the Net.
2:05 of 2nd period - Snap shot by Andrew Yogan.
2:05 of 2nd period - Stopped by Dov Grumet-Morris with a rebound.
2:27 of 2nd period - Slapshot by Alexandre Bolduc.
2:27 of 2nd period - Stopped by Scott Clemmensen with a rebound.
4:03 of 2nd period - Slapshot by Dominik Uher.
4:03 of 2nd period - Stopped by Scott Clemmensen with a rebound.
4:05 of 2nd period - Snap shot by Nicolas Deslauriers.
4:05 of 2nd period - Sharks goal is going for a video replay.
4:05 of 2nd period - The goal is refused. The net was displaced accidentally..
4:06 of 2nd period - Andrew Yogan wins face-off versus Dominik Uher in Marlies zone.
4:44 of 2nd period - Wrist shot by Richard Panik.
4:44 of 2nd period - Stopped by Scott Clemmensen with a rebound.
4:52 of 2nd period - Icing by Austen Brassard.
4:53 of 2nd period - Alexandre Bolduc wins face-off versus Andrew Yogan in Marlies zone.
5:39 of 2nd period - Shane Prince is hit by Alex Petrovic and loses puck.
5:56 of 2nd period - Jason Clark is hit by Mark Barberio and loses puck.
6:15 of 2nd period - Snap shot by Jonathon Blum.
6:15 of 2nd period - Shot Blocked by Brendan Mikkelson.
7:47 of 2nd period - Michael Latta is hit by Scott Harrington.
7:59 of 2nd period - Snap shot by Mike Halmo.
7:59 of 2nd period - Shot Blocked by Matt Dumba.
8:01 of 2nd period - Wrist shot by Michael Latta.
8:01 of 2nd period - Shot Misses the Net.
8:03 of 2nd period - Snap shot by Alex Petrovic.
8:03 of 2nd period - Shot Misses the Net.
8:05 of 2nd period - Slapshot by Alex Petrovic.
8:05 of 2nd period - Shot Blocked by Matt Dumba.
8:49 of 2nd period - Wade Brookbank is hit by Brendon Nash and loses puck.
9:03 of 2nd period - Minor Penalty to George Parros for Slashing.
9:04 of 2nd period - Mark McNeill wins face-off versus Farm Player29 in Marlies zone.
9:16 of 2nd period - Wrist shot by Mark McNeill.
9:16 of 2nd period - Goal by Mark McNeill - Sharks : 1 - Marlies : 0.
9:17 of 2nd period - Alexandre Bolduc wins face-off versus Nicolas Deschamps in neutral zone.
9:34 of 2nd period - Alexandre Bolduc is hit by Scott Harrington and loses puck.
10:06 of 2nd period - Slapshot by Mike Halmo.
10:06 of 2nd period - Stopped by Scott Clemmensen without a rebound.
10:07 of 2nd period - Mike Halmo wins face-off versus Andrew Yogan in Marlies zone.
10:08 of 2nd period - Snap shot by Nicolas Deslauriers.
10:08 of 2nd period - Shot Misses the Net.
10:28 of 2nd period - Mike Halmo is hit by Andrew Yogan and loses puck.
12:18 of 2nd period - David van der Gulik is hit by George Parros and loses puck.
12:31 of 2nd period - Mark Barberio is hit by Rich Clune and loses puck.
12:56 of 2nd period - Snap shot by Brendon Nash.
12:56 of 2nd period - Stopped by Dov Grumet-Morris without a rebound.
12:57 of 2nd period - Andrew Yogan wins face-off versus Mark McNeill in Sharks zone.
13:09 of 2nd period - Snap shot by Nicolas Deslauriers.
13:09 of 2nd period - Shot Blocked by Jonathon Blum.
13:17 of 2nd period - Snap shot by Mark McNeill.
13:17 of 2nd period - Shot Blocked by Jonathon Blum.
13:19 of 2nd period - Slapshot by Brendan Mikkelson.
13:19 of 2nd period - Stopped by Scott Clemmensen with a rebound.
14:33 of 2nd period - Nicolas Deslauriers is hit by George Parros and loses puck.
14:56 of 2nd period - Off-side.
14:57 of 2nd period - Nicolas Deschamps wins face-off versus Dominik Uher in neutral zone.
15:02 of 2nd period - Michael Latta is hit by Rich Clune and loses puck.
15:31 of 2nd period - Slapshot by Brendon Nash.
15:31 of 2nd period - Shot Blocked by Alex Petrovic.
16:16 of 2nd period - Nicolas Deschamps is hit by Louis Leblanc.
16:31 of 2nd period - Snap shot by J.C. Lipon.
16:31 of 2nd period - Shot Blocked by Scott Harrington.
16:36 of 2nd period - Off-side.
16:37 of 2nd period - Shane Prince wins face-off versus Mark McNeill in neutral zone.
16:40 of 2nd period - Nicolas Deslauriers is hit by Shane Prince and loses puck.
16:48 of 2nd period - Icing by Mark McNeill.
16:49 of 2nd period - Mark McNeill wins face-off versus Nicolas Deschamps in Sharks zone.
17:10 of 2nd period - Wrist shot by Richard Panik.
17:10 of 2nd period - Shot Misses the Net.
17:12 of 2nd period - Slapshot by Wade Brookbank.
17:12 of 2nd period - Shot Misses the Net.
17:46 of 2nd period - Mark Barberio is hit by Andrew Yogan and loses puck.
17:55 of 2nd period - Slapshot by David van der Gulik.
17:55 of 2nd period - Stopped by Scott Clemmensen with a rebound.
17:57 of 2nd period - Snap shot by Michael Latta.
17:57 of 2nd period - Stopped by Scott Clemmensen with a rebound.
18:21 of 2nd period - Mark Barberio is hit by Jason Clark and loses puck.
18:36 of 2nd period - Alex Petrovic is hit by Farm Player44 and loses puck.
18:37 of 2nd period - Alex Petrovic from Sharks is injured at 18:37 of 2nd period (Back Spasms).
18:38 of 2nd period - Alexandre Bolduc wins face-off versus Shane Prince in Sharks zone.
19:48 of 2nd period - Slapshot by Rich Clune.
19:48 of 2nd period - Goal by Rich Clune - Sharks : 1 - Marlies : 1.
19:49 of 2nd period - Mark McNeill wins face-off versus Andrew Yogan in neutral zone.
Goals for this period are 1 for Sharks vs 1 for Marlies.
Shots for this period are 9 for Sharks vs 3 for Marlies.

3rd period


0:01 of 3rd period - Alexandre Bolduc wins face-off versus Shane Prince in neutral zone.
0:28 of 3rd period - Snap shot by George Parros.
0:28 of 3rd period - Stopped by Dov Grumet-Morris with a rebound.
0:30 of 3rd period - Snap shot by George Parros.
0:30 of 3rd period - Shot Misses the Net.
0:32 of 3rd period - Backhand shot by Jonathon Blum.
0:32 of 3rd period - Stopped by Dov Grumet-Morris with a rebound.
0:34 of 3rd period - Wrist shot by George Parros.
0:34 of 3rd period - Stopped by Dov Grumet-Morris with a rebound.
0:46 of 3rd period - Wrist shot by Rich Clune.
0:46 of 3rd period - Shot Misses the Net.
0:48 of 3rd period - Slapshot by Nicolas Deschamps.
0:48 of 3rd period - Shot Blocked by Patrick McNeill.
0:50 of 3rd period - Slapshot by Harrison Ruopp.
0:50 of 3rd period - Stopped by Dov Grumet-Morris with a rebound.
0:56 of 3rd period - Slapshot by Joel Armia.
0:56 of 3rd period - Stopped by Dov Grumet-Morris with a rebound.
0:58 of 3rd period - Snap shot by Nicolas Deschamps.
0:58 of 3rd period - Stopped by Dov Grumet-Morris without a rebound.
0:59 of 3rd period - Nicolas Deschamps wins face-off versus Mark McNeill in Sharks zone.
1:03 of 3rd period - Minor Penalty to Brendan Mikkelson for Slashing.
1:04 of 3rd period - Shane Prince wins face-off versus Louis Leblanc in Sharks zone.
1:10 of 3rd period - Slapshot by Jonathon Blum.
1:10 of 3rd period - Stopped by Dov Grumet-Morris with a rebound.
1:12 of 3rd period - Slapshot by Scott Harrington.
1:12 of 3rd period - Stopped by Dov Grumet-Morris with a rebound.
1:16 of 3rd period - Wrist shot by George Parros.
1:16 of 3rd period - Shot Blocked by Nicolas Deslauriers.
1:18 of 3rd period - Slapshot by Jonathon Blum.
1:18 of 3rd period - Shot Hit the Post.
1:20 of 3rd period - Snap shot by Scott Harrington.
1:20 of 3rd period - Stopped by Dov Grumet-Morris with a rebound.
1:22 of 3rd period - Snap shot by Jonathon Blum.
1:22 of 3rd period - Deflect By Nicolas Deslauriers.
1:22 of 3rd period - Stopped by Dov Grumet-Morris with a rebound.
1:24 of 3rd period - Slapshot by Scott Harrington.
1:24 of 3rd period - Shot Hit the Post.
1:26 of 3rd period - Snap shot by George Parros.
1:26 of 3rd period - Shot Blocked by Nicolas Deslauriers.
2:40 of 3rd period - Alexandre Bolduc is hit by Shane Prince and loses puck.
3:03 of 3rd period - Penalty to Brendan Mikkelson is over, Brendan Mikkelson is back on ice.
3:49 of 3rd period - Snap shot by Brendon Nash.
3:49 of 3rd period - Shot Misses the Net.
4:11 of 3rd period - Rich Clune beats up Nicolas Deslauriers.
4:11 of 3rd period - Penalty to Rich Clune for Fighting.
4:11 of 3rd period - Penalty to Nicolas Deslauriers for Fighting.
4:12 of 3rd period - Mark McNeill wins face-off versus Joel Armia in Sharks zone.
4:19 of 3rd period - Snap shot by Mark McNeill.
4:19 of 3rd period - Shot Misses the Net.
6:12 of 3rd period - Scott Harrington is hit by Wade Brookbank.
6:36 of 3rd period - Off-side.
6:37 of 3rd period - Shane Prince wins face-off versus Tye McGinn in neutral zone.
6:48 of 3rd period - George Parros is hit by Brendan Mikkelson and loses puck.
6:49 of 3rd period - George Parros from Marlies is injured at 6:49 of 3rd period (Right Knee).
6:50 of 3rd period - Shane Prince wins face-off versus Michael Latta in Marlies zone.
8:34 of 3rd period - Jordan Henry is hit by Brendan Mikkelson and loses puck.
8:47 of 3rd period - Brendon Nash is hit by Wade Brookbank and loses puck.
9:15 of 3rd period - Joel Armia is hit by Wade Brookbank and loses puck.
9:57 of 3rd period - David van der Gulik is hit by Farm Player44 and loses puck.
10:24 of 3rd period - Wrist shot by Nicolas Deslauriers.
10:24 of 3rd period - Deflect By Tye McGinn.
10:24 of 3rd period - Stopped by Scott Clemmensen with a rebound.
10:30 of 3rd period - Wade Brookbank is hit by Morgan Ellis and loses puck.
10:59 of 3rd period - Slapshot by Mark Barberio.
10:59 of 3rd period - Deflect By Louis Leblanc.
10:59 of 3rd period - Shot Misses the Net.
10:59 of 3rd period - Puck is out of play.
11:00 of 3rd period - Alexandre Bolduc wins face-off versus Andrew Yogan in Marlies zone.
11:11 of 3rd period - Jason Clark is hit by Richard Panik and loses puck.
11:24 of 3rd period - Snap shot by Nicolas Deslauriers.
11:24 of 3rd period - Shot Misses the Net.
11:26 of 3rd period - Slapshot by Patrick McNeill.
11:26 of 3rd period - Deflect By Andrew Yogan.
11:26 of 3rd period - Stopped by Scott Clemmensen without a rebound.
11:27 of 3rd period - Dominik Uher wins face-off versus Nicolas Deschamps in Marlies zone.
11:32 of 3rd period - Slapshot by David van der Gulik.
11:32 of 3rd period - Stopped by Scott Clemmensen with a rebound.
11:36 of 3rd period - Wrist shot by Mike Halmo.
11:36 of 3rd period - Shot Misses the Net.
11:53 of 3rd period - Wrist shot by David van der Gulik.
11:53 of 3rd period - Deflect By Rich Clune.
11:53 of 3rd period - Shot Blocked by Joel Armia.
11:53 of 3rd period - Puck is out of play.
11:53 of 3rd period - Scott Clemmensen from Marlies is injured at 11:53 of 3rd period (Fractured Bone in Right Hand).
11:53 of 3rd period - Tyler Beskorowany enters game.
11:54 of 3rd period - Michael Latta wins face-off versus Andrew Yogan in Marlies zone.
12:23 of 3rd period - Wrist shot by Austen Brassard.
12:23 of 3rd period - Shot Misses the Net.
12:25 of 3rd period - Slapshot by Jonathon Blum.
12:25 of 3rd period - Deflect By Farm Player29.
12:25 of 3rd period - Shot Misses the Net.
12:25 of 3rd period - Puck is out of play.
12:26 of 3rd period - Shane Prince wins face-off versus Alexandre Bolduc in Sharks zone.
12:27 of 3rd period - Slapshot by Matt Dumba.
12:27 of 3rd period - Shot Misses the Net.
12:29 of 3rd period - Snap shot by Austen Brassard.
12:29 of 3rd period - Shot Misses the Net.
12:34 of 3rd period - Minor Penalty to Alexandre Bolduc for Hooking.
12:35 of 3rd period - Louis Leblanc wins face-off versus Shane Prince in Sharks zone.
13:36 of 3rd period - Snap shot by Tye McGinn.
13:36 of 3rd period - Stopped by Tyler Beskorowany with a rebound.
13:42 of 3rd period - Patrick McNeill is hit by Rich Clune.
14:00 of 3rd period - Slapshot by Matt Dumba.
14:00 of 3rd period - Deflect By Nicolas Deslauriers.
14:00 of 3rd period - Stopped by Dov Grumet-Morris with a rebound.
14:04 of 3rd period - Slapshot by Matt Dumba.
14:04 of 3rd period - Shot Misses the Net.
14:06 of 3rd period - Snap shot by Shane Prince.
14:06 of 3rd period - Stopped by Dov Grumet-Morris with a rebound.
14:28 of 3rd period - Wrist shot by David van der Gulik.
14:28 of 3rd period - Stopped by Tyler Beskorowany with a rebound.
14:30 of 3rd period - Snap shot by Mark McNeill.
14:30 of 3rd period - Stopped by Tyler Beskorowany without a rebound.
14:31 of 3rd period - David van der Gulik wins face-off versus Shane Prince in Marlies zone.
14:34 of 3rd period - Penalty to Alexandre Bolduc is over, Alexandre Bolduc is back on ice.
15:13 of 3rd period - Joel Armia is hit by Mike Halmo and loses puck.
15:30 of 3rd period - Snap shot by Nicolas Deslauriers.
15:30 of 3rd period - Shot Blocked by Joel Armia.
15:48 of 3rd period - Wrist shot by Mark McNeill.
15:48 of 3rd period - Stopped by Tyler Beskorowany with a rebound.
15:50 of 3rd period - Slapshot by Patrick McNeill.
15:50 of 3rd period - Stopped by Tyler Beskorowany with a rebound.
16:17 of 3rd period - Matt Dumba is hit by Wade Brookbank and loses puck.
16:40 of 3rd period - Slapshot by Matt Dumba.
16:40 of 3rd period - Stopped by Dov Grumet-Morris with a rebound.
16:42 of 3rd period - Snap shot by Rich Clune.
16:42 of 3rd period - Shot Misses the Net.
16:58 of 3rd period - Morgan Ellis is hit by Nicolas Deslauriers and loses puck.
17:30 of 3rd period - Minor Penalty to Farm Player44 for Roughing.
17:31 of 3rd period - Jason Clark wins face-off versus Alexandre Bolduc in Marlies zone.
18:48 of 3rd period - Minor Penalty to Rich Clune for Cross-checking.
18:49 of 3rd period - Jason Clark wins face-off versus Mark McNeill in Marlies zone.
19:30 of 3rd period - Penalty to Farm Player44 is over, Farm Player44 is back on ice.
19:52 of 3rd period - Wade Brookbank is hit by Farm Player29 and loses puck.
19:57 of 3rd period - Slapshot by Jonathon Blum.
19:57 of 3rd period - Stopped by Dov Grumet-Morris without a rebound.
19:58 of 3rd period - Mark McNeill wins face-off versus Farm Player29 in Sharks zone.
Goals for this period are 0 for Sharks vs 0 for Marlies.
Shots for this period are 8 for Sharks vs 14 for Marlies.

Overtime #1


0:01 of 1st overtime period - Jason Clark wins face-off versus Michael Latta in neutral zone.
0:10 of 1st overtime period - Wrist shot by Nicolas Deslauriers.
0:10 of 1st overtime period - Stopped by Tyler Beskorowany with a rebound.
0:35 of 1st overtime period - Mark Barberio is hit by Jonathon Blum and loses puck.
0:48 of 1st overtime period - Penalty to Rich Clune is over, Rich Clune is back on ice.
1:00 of 1st overtime period - Mark Barberio is hit by Rich Clune and loses puck.
1:21 of 1st overtime period - Wrist shot by Shane Prince.
1:21 of 1st overtime period - Stopped by Dov Grumet-Morris with a rebound.
1:23 of 1st overtime period - Slapshot by Matt Dumba.
1:23 of 1st overtime period - Shot Hit the Post.
1:25 of 1st overtime period - Snap shot by Andrew Yogan.
1:25 of 1st overtime period - Stopped by Dov Grumet-Morris with a rebound.
1:29 of 1st overtime period - Slapshot by Matt Dumba.
1:29 of 1st overtime period - Deflect By Shane Prince.
1:29 of 1st overtime period - Shot Blocked by Tye McGinn.
1:29 of 1st overtime period - Puck is out of play.
1:30 of 1st overtime period - Andrew Yogan wins face-off versus Michael Latta in Sharks zone.
2:42 of 1st overtime period - Patrick McNeill is hit by Andrew Yogan and loses puck.
3:15 of 1st overtime period - Wrist shot by David van der Gulik.
3:15 of 1st overtime period - Deflect By Dominik Uher.
3:15 of 1st overtime period - Shot Blocked by Austen Brassard.
3:15 of 1st overtime period - Puck is out of play.
3:16 of 1st overtime period - Dominik Uher wins face-off versus Farm Player29 in Marlies zone.
3:17 of 1st overtime period - Wrist shot by David van der Gulik.
3:17 of 1st overtime period - Stopped by Tyler Beskorowany with a rebound.
3:19 of 1st overtime period - Slapshot by Dominik Uher.
3:19 of 1st overtime period - Stopped by Tyler Beskorowany with a rebound.
3:29 of 1st overtime period - Wrist shot by Shane Prince.
3:29 of 1st overtime period - Stopped by Dov Grumet-Morris without a rebound.
3:30 of 1st overtime period - Farm Player29 wins face-off versus Michael Latta in Sharks zone.
3:42 of 1st overtime period - Morgan Ellis is hit by Brendan Mikkelson and loses puck.
3:49 of 1st overtime period - Jonathon Blum is hit by Brendan Mikkelson and loses puck.
4:36 of 1st overtime period - Snap shot by David van der Gulik.
4:36 of 1st overtime period - Deflect By Alexandre Bolduc.
4:36 of 1st overtime period - Stopped by Tyler Beskorowany with a rebound.
4:38 of 1st overtime period - Snap shot by Alexandre Bolduc.
4:38 of 1st overtime period - Shot Misses the Net.
4:40 of 1st overtime period - Wrist shot by David van der Gulik.
4:40 of 1st overtime period - Deflect By Alexandre Bolduc.
4:40 of 1st overtime period - Shot Blocked by Jonathon Blum.
4:40 of 1st overtime period - Puck is out of play.
4:41 of 1st overtime period - Alexandre Bolduc wins face-off versus Jason Clark in Marlies zone.
4:42 of 1st overtime period - Snap shot by David van der Gulik.
4:42 of 1st overtime period - Shot Misses the Net.
4:48 of 1st overtime period - Slapshot by Matt Dumba.
4:48 of 1st overtime period - Stopped by Dov Grumet-Morris with a rebound.
Goals for this period are 0 for Sharks vs 0 for Marlies.
Shots for this period are 4 for Sharks vs 4 for Marlies.

ShootOut


5:00 of 1st overtime period - Penalty Shot by Louis Leblanc for Sharks.
5:00 of 1st overtime period - Snap shot by Louis Leblanc.
5:00 of 1st overtime period - Stopped by Tyler Beskorowany.
5:00 of 1st overtime period - Penalty Shot by Matt Dumba for Marlies.
5:00 of 1st overtime period - Backhand shot by Matt Dumba.
5:00 of 1st overtime period - Stopped by Dov Grumet-Morris.
5:00 of 1st overtime period - Penalty Shot by Nicolas Deslauriers for Sharks.
5:00 of 1st overtime period - Wrist shot by Nicolas Deslauriers.
5:00 of 1st overtime period - Shot Misses the Net.
5:00 of 1st overtime period - Penalty Shot by Shane Prince for Marlies.
5:00 of 1st overtime period - Deke by Shane Prince.
5:00 of 1st overtime period - Shot Misses the Net.
5:00 of 1st overtime period - Penalty Shot by Tye McGinn for Sharks.
5:00 of 1st overtime period - Backhand shot by Tye McGinn.
5:00 of 1st overtime period - Stopped by Tyler Beskorowany.
5:00 of 1st overtime period - Penalty Shot by Rich Clune for Marlies.
5:00 of 1st overtime period - Wrist shot by Rich Clune.
5:00 of 1st overtime period - Stopped by Dov Grumet-Morris.
5:00 of 1st overtime period - Penalty Shot by Alexandre Bolduc for Sharks.
5:00 of 1st overtime period - Wrist shot by Alexandre Bolduc.
5:00 of 1st overtime period - Goal by Alexandre Bolduc.
5:00 of 1st overtime period - Penalty Shot by Jonathon Blum for Marlies.
5:00 of 1st overtime period - Deke by Jonathon Blum.
5:00 of 1st overtime period - Stopped by Dov Grumet-Morris.


Output by the SimonT Hockey Simulator (STHS) for Eric Dolegowski -- Original Page W3C XHTML 1.0 Valid
Hockey Simulator - Hockey Simulation - Hockey Manager